Kradschützen Motorcycle Team
Construct Light Support Kompanie
Selects Defensive Operations
Construct Mechanized Kompanie
Marder III Tank Destroyer
Marder III Tank Destroyer
Selects Registered Artillery
Selects Towed Cannone da 105/28 Field Howitzer
Construct Panzerarmee Kommand
Marder III Tank Destroyer
Marder III Tank Destroyer
Construct Panzerarmee Kommand
Construct Panzerarmee Kommand
Selects Prepared Positions
Marder III Tank Destroyer
18-tonne Recovery Half-track